AoeStats
← Strongtor

Nomad

506375860Analyzed
2v2 RM · 18d ago on Sep 13, 2026· 39m 0s· 4 players
Game mode
Random Map
Map size
176×176
Population
200
Speed
Normal
Resources
Standard
Victory
Conquest
Starting age
Dark Age
Ending age
Imperial Age
RankedLock teamsTeams togetherTeam positionsShared explorationLock speedFull tech treeHidden civsTurbo modeCheats
Victory
Defeat
🇳🇱 Teutons · Netherlands
942
+15
🇨🇿 Persians · Czechia
902
+17
🇨🇳 Japanese · China
1018
-19
🇨🇳 Armenians · China
838
-13
Strongtor
14:20 Feudal Age
18:19 Castle Age
16:50 Fishing Lines
18:08 Loom
21:01 Bloodlines
21:59 Wheelbarrow
22:14 Town Watch
26:12 Scale Barding Armor
28:08 Fletching
28:29 Forging
30:04 Chain Barding Armor
29:46 Padded Archer Armor
32:17 Hand Cart
32:25 Bodkin Arrow
33:06 Iron Casting
34:50 Town Patrol
36:23 Leather Archer Armor
38:44 Imperial Age
37:39 Gold Mining
37:39 Stone Mining
38:07 Leather Archer Armor
38:48 Parthian Tactics
38:42 Cavalier
40:01 Plate Barding Armor
MrDelirium
3:11 Loom
16:04 Feudal Age
24:03 Wheelbarrow
27:58 Stone Mining
31:59 Castle Age
30:35 Man-at-Arms
848e0d88
10:55 Loom
15:18 Feudal Age
19:44 Man-at-Arms
22:37 Fishing Lines
29:01 Castle Age
27:18 Double-Bit Axe
28:58 Fletching
29:55 Bodkin Arrow
33:20 Scale Mail Armor
34:32 Forging
curiosity
13:01 Feudal Age
13:06 Man-at-Arms
13:51 Long Swordsman
16:56 Double-Bit Axe
19:34 Horse Collar
19:58 Pikeman
23:41 Loom
26:34 Castle Age
26:43 Two-Handed Swordsman
Connection lost

Rejoining the realm…

Still unreachable

The connection could not be restored.

Session expired

The server has moved on; the page needs a fresh start.